[Event "*** Titled Tuesday Blitz"]
[Site "Chess.com"]
[Date "2019.02.05"]
[Round "2"]
[White "Airquake"]
[Black "iturrizaga"]
[Result "0-1"]
[WhiteElo "2552"]
[BlackElo "2777"]
[TimeControl "180+2"]
[EndTime "13:21:30 PST"]
[Termination "iturrizaga won by resignation"]

1. e4 c5 2. Nf3 g6 3. g3 Bg7 4.
Bg2 Nc6 5. O-O e5 6. c3 Nge7 7.
d3 h6 8. Be3 d6 9. d4 exd4 10.
cxd4 Bg4 11. d5 Ne5 12. Nc3 O-O 13. Bf4 f5 14. Bxe5 Bxe5 15. exf5 Nxf5 16. Qd3 Bxf3 17. Bxf3 Qf6 18. Be4 Rae8 19. Rae1 a6 20. Kg2 Kg7 21. f4 Bd4 22. Bxf5 Qxf5 23. Qxf5 gxf5 24. Kf3 b5 25. h3 h5 26. Nd1 c4 27. g4 fxg4+ 28. hxg4 Be5 29.
f5 hxg4+ 30. Kxg4 Kf6 31. Ne3 Rg8+ 32. Kf3 Rg3+ 33. Kf2 Rxe3 0-1

[Event "*** Titled Tuesday Blitz"]
[Site "Chess.com"]
[Date "2019.02.05"]
[Round "2"]
[White "Nathan_Filgueiras"]
[Black "Veiso"]
[Result "1-0"]
[WhiteElo "2263"]
[BlackElo "2384"]
[TimeControl "180+2"]
[EndTime "13:21:31 PST"]
[Termination "Nathan_Filgueiras won by resignation"]

1. e4 c5 2. Nf3 d6 3. d4 cxd4 4. Nxd4 Nf6 5. Nc3 a6 6. h3 e5 7. Nde2 h5 8. Bg5 Be7 9. Bxf6 Bxf6 10. Nd5 Nc6 11. Nec3 Bg5 12. Bc4 Be6 13. O-O b5 14.
Bb3 Nd4 15. Qd3 O-O 16. Rad1 b4 17. Ne2 Nxe2+ 18. Qxe2 a5 19. Ne3 Bxb3 20. axb3 g6 21. Nc4 Be7 22. Nxe5 Qc7 23. Nc4 Rfe8 24. Qd3 Rad8 25.
Qd5 Bf8 26. f4 Rc8 27. Kh1 Qc5 28. Qd3 a4 29. f5 a3 30. fxg6 fxg6 31. e5 1-0

[Event "*** Titled Tuesday Blitz"]
[Site "Chess.com"]
[Date "2019.02.05"]
[Round "2"]
[White "saikrishnaReturns"]
[Black "Kumi29"]
[Result "0-1"]
[WhiteElo "2620"]
[BlackElo "2381"]
[TimeControl "180+2"]
[EndTime "13:21:35 PST"]
[Termination "Kumi29 won by checkmate"]

1. e4 e6 2. d4 d5 3. Nc3 Nc6 4. Nf3 Nf6 5. Bg5 dxe4 6. Nxe4 Qd5 7. Nxf6+ gxf6 8. Bxf6 Rg8 9. Qd3 Rg6 10. Bh4 Bd7 11. Bg3 O-O-O 12. Be2 h5 13. c4 Bb4+ 14.
Kf1 Qa5 15. c5 Be8 16. Qc4 Rg4 17. Rd1 h4 18. Be5 Nxe5 19. Nxe5 Re4 20. c6 Qxe5 21. Qxb4 Rdxd4 22. Qxb7+ Kd8 23. Rxd4+ Rxd4 24. g3 Qd5 25. Qb8+ Ke7 26. Qxc7+ Kf8 27. Rg1 h3 28. Qxa7 Rd1+ 29. Bxd1 Qxd1# 0-1

[Event "*** Titled Tuesday Blitz"]
[Site "Chess.com"]
[Date "2019.02.05"]
[Round "2"]
[White "amiralfio"]
[Black "riconaipe"]
[Result "0-1"]
[WhiteElo "2362"]
[BlackElo "2454"]
[TimeControl "180+2"]
[EndTime "13:21:38 PST"]
[Termination "riconaipe won by resignation"]

1. d4 d5 2. Bf4 e6 3. e3 Bd6 4. Bg3 Nf6 5. Nf3 O-O 6. Nbd2 Ne4 7. Nxe4 dxe4 8. Nd2 f5 9. Bxd6 cxd6 10. g4 d5 11. gxf5 exf5 12. c4 f4 13. Qh5 Rf5 14. Qe2 fxe3 15.
Qxe3 Be6 16. O-O-O Nc6 17. Nxe4 dxe4 18. d5 Rf3 19.
Qxe4 Qg5+ 20. Rd2 Ne5 21. h4 Qf5 22. Re2 Nd3+ 23. Kd2 Nxf2 24. Qxe6+ Qxe6 25. dxe6 Rd8+ 26. Kc2 Nxh1 27. Bg2 Rf2 28. Rxf2 Nxf2 29. Bxb7 Kf8 0-1

[Event "*** Titled Tuesday Blitz"]
[Site "Chess.com"]
[Date "2019.02.05"]
[Round "2"]
[White "Jospem"]
[Black "Rodalquilar"]
[Result "1-0"]
[WhiteElo "2893"]
[BlackElo "2579"]
[TimeControl "180+2"]
[EndTime "13:21:39 PST"]
[Termination "Jospem won by resignation"]

1. c4 f5 2. Nf3 Nf6 3. d4 d6 4. g3 g6 5. Bg2 Bg7 6. O-O O-O 7. b3 Ne4 8. Bb2 Nc6 9. Nc3 Nxc3 10.
Bxc3 e5 11. dxe5 dxe5 12. Qd5+ Kh8 13. Rfd1 Qe7 14. e4 a6 15. Qd3 fxe4 16. Qxe4 Bf5 17. Qe3 Rad8 18. Rxd8 Rxd8 19. Re1 Rd3 20. Qc1 e4 21.
Bxg7+ Qxg7 22. Ng5 Nb4 23. Bxe4 Bxe4 24. Rxe4 Qd7 25.
Qf4 Kg8 26. Kg2 h6 27. Ne6 g5 28. Qf8+ Kh7 29. Qxb4 Qc6 30. Qe7+ Kg6 31. Nf8+ Kh5 32. Qf7+ 1-0

[Event "*** Titled Tuesday Blitz"]
[Site "Chess.com"]
[Date "2019.02.05"]
[Round "2"]
[White "NikolasTheiss"]
[Black "VFernandezB"]
[Result "0-1"]
[WhiteElo "2196"]
[BlackElo "2383"]
[TimeControl "180+2"]
[EndTime "13:21:39 PST"]
[Termination "VFernandezB won on time"]

1. e4 e6 2. d3 d5 3. Nd2 g6 4. g3 Bg7 5. Bg2 Ne7 6. f4 O-O 7. Ngf3 c5 8. O-O Nbc6 9. c3 dxe4 10. dxe4 b6 11. Qe2 a5 12. a4 Ba6 13. Qf2 Bxf1 14.
Nxf1 Qc7 15. h3 Rad8 16. Be3 e5 17. N1h2 f5 18. exf5 Nxf5 19. Bd2 Qd7 20. Re1 exf4 21.
Bxf4 Rde8 22. Ng5 Ne5 23. Qc2 h6 24. Ne4 Qd3 25. Qb3+ c4 26. Qxb6 Kh7 27. Nf2 Qc2 28. Qxa5 Nd3 29. Nxd3 cxd3 30. Rf1 Re2 0-1

[Event "*** Titled Tuesday Blitz"]
[Site "Chess.com"]
[Date "2019.02.05"]
[Round "2"]
[White "alexsuper1987"]
[Black "goodluck06"]
[Result "0-1"]
[WhiteElo "2259"]
[BlackElo "2460"]
[TimeControl "180+2"]
[EndTime "13:21:40 PST"]
[Termination "goodluck06 won by resignation"]

1. e4 e5 2. Nf3 Nc6 3. Bc4 Nf6 4. d3 Bc5 5. O-O a6 6. c3 Ba7 7. Bb3 d6 8. Nbd2 h6 9. Re1 g5 10. d4 g4 11. dxe5 gxf3 12. exf6 fxg2 13. e5 Nxe5 14. Ne4 Bf5 15. Bf4 Bxe4 16. Rxe4 Qxf6 17. Qg4 h5 18. Qh3 Kf8 19. Rae1 Ng4 20. Re7 Nxf2 21.
Qxg2 Nd3+ 22. Kh1 Nxe1 23. Qxb7 Qxe7 24. Qxa8+ Kg7 25. Qg2+ Nxg2 0-1

[Event "*** Titled Tuesday Blitz"]
[Site "Chess.com"]
[Date "2019.02.05"]
[Round "2"]
[White "Walter_White_Poland"]
[Black "MateusViageiro"]
[Result "0-1"]
[WhiteElo "2163"]
[BlackElo "2190"]
[TimeControl "180+2"]
[EndTime "13:21:40 PST"]
[Termination "MateusViageiro won by resignation"]

1. e4 c5 2. Nf3 d6 3. d4 cxd4 4. Nxd4 Nf6 5. Nc3 a6 6. Bg5 Nc6 7. Bxf6 gxf6 8. Nf5 e6 9. Ne3 b5 10. Bd3 b4 11. Ne2 Ne5 12. O-O Rg8 13. f4 Qb6 14. Qd2 Ng4 15. Rf3 d5 16. Kh1 Nxe3 17. Rxe3 Bc5 18.
Rg3 Rxg3 19. Nxg3 Bb7 20. exd5 Bxd5 21. c4 Be3 22. Qe2 Bc6 23. Be4 Bxf4 24. Nh5 Be5 25. c5 Qxc5 26. Qf3 Bxe4 27. Qxe4 Rc8 28. Rf1 f5 29.
Qe2 Qc4 30. Qf3 Qh4 31. h3 Qe4 32. Qf2 Rc2 33. Qf3 Qxf3 34. gxf3 Rxb2 0-1

[Event "*** Titled Tuesday Blitz"]
[Site "Chess.com"]
[Date "2019.02.05"]
[Round "2"]
[White "WorldChampionBulletChess"]
[Black "cyber-alekhine2"]
[Result "0-1"]
[WhiteElo "2101"]
[BlackElo "2221"]
[TimeControl "180+2"]
[EndTime "13:21:41 PST"]
[Termination "cyber-alekhine2 won by resignation"]

1. d4 e6 2. e4 b6 3. Nc3 Bb7 4. Nf3 Bb4 5. Bd3 Nf6 6. O-O Bxc3 7. bxc3 Bxe4 8. Bxe4 Nxe4 9. Ba3 Nxc3 10. Qd3 Nd5 11. c4 Nf6 12. Rfe1 d6 13. d5 e5 14. Nxe5 O-O 15.
Nf3 Nbd7 16. Qf5 Qc8 17. Re7 Ne5 18. Qxc8 Nxf3+ 19. gxf3 Raxc8 20. Rae1 Rfe8 21. Kg2 Kf8 22. Rxe8+ Rxe8 23. Re3 Nd7 24. f4 f5 25. Kf3 Nf6 26. Bb4 Ne4 27. Ra3 a5 28. Bxa5 bxa5 29. Rxa5 Nd2+ 30. Kg2 Nxc4 31. Ra7 Re7 32. a4 c6 33. Ra8+ Kf7 34. dxc6 Rc7 35. Ra6 Ke6 36. a5 Kd5 37.
Ra8 Kxc6 38. a6 Kb6 39. Rf8 g6 40. h4 Kxa6 41. h5 d5 42. hxg6 hxg6 43. Rf6+ Kb5 44.
Rxg6 d4 45. Kf3 d3 46. Rg8 Rd7 47. Rb8+ Kc5 48. Rc8+ Kd4 0-1

[Event "*** Titled Tuesday Blitz"]
[Site "Chess.com"]
[Date "2019.02.05"]
[Round "2"]
[White "nubair1198"]
[Black "joppie2"]
[Result "0-1"]
[WhiteElo "2666"]
[BlackElo "2746"]
[TimeControl "180+2"]
[EndTime "13:21:48 PST"]
[Termination "joppie2 won by checkmate"]

1. Nf3 d6 2. d3 e5 3. c4 Nc6 4.
Nc3 Nf6 5. Rb1 a5 6. a3 g6 7. b4 axb4 8. axb4 Bg7 9. b5 Nd4 10. e3 Nxf3+ 11. Qxf3 Bg4 12. Qxb7 O-O 13. h3 Rb8 14.
Qc6 Rb6 15. hxg4 Rxc6 16. bxc6 Nxg4 17. Nd5 Nf6 18. e4 Nxd5 19. cxd5 Qa8 20. Be2 Qa2 21. Rb2 Qa5+ 22. Kd1 Qa4+ 23. Ke1 h5 24. f3 Qd4 25.
Rb7 Ra8 26. Bb2 Qe3 27. Rxc7 Ra2 28. Rb7 Rxb2 29. Rxb2 Qc1+ 30. Kf2 Qxb2 31. Rd1 Bf6 32. d4 exd4 33. g3 h4 34. c7 Qc2 35. gxh4 Bxh4+ 36. Kf1 Qxc7 37. Rxd4 Qc1+ 38. Kg2 Qe3 39. Rd2 Qf2+ 40. Kh1 Bg3 41. Bf1 Qxf1# 0-1

[Event "*** Titled Tuesday Blitz"]
[Site "Chess.com"]
[Date "2019.02.05"]
[Round "2"]
[White "TST2014"]
[Black "LucaBrasi1968"]
[Result "0-1"]
[WhiteElo "2512"]
[BlackElo "2478"]
[TimeControl "180+2"]
[EndTime "13:21:49 PST"]
[Termination "LucaBrasi1968 won by resignation"]

1. d4 f5 2. Nf3 Nf6 3. g3 e6 4. Bg2 d5 5. O-O Bd6 6. c4 c6 7.
b3 Qe7 8. a4 a5 9. Ba3 Bxa3 10.
Nxa3 O-O 11. Qc2 b6 12. Qb2 Bb7 13. Ne5 Nbd7 14. Nd3 Rac8 15. b4 axb4 16. Nxb4 Ba8 17.
Rfc1 c5 18. Nd3 cxd4 19. Qxd4 e5 20. Qb2 d4 21. Nb5 Bxg2 22. Kxg2 Ne4 23. a5 bxa5 24. Rxa5 Ndc5 25. Ra7 Qf6 26. Rca1 f4 27. f3 Nxd3 28.
exd3 Nc5 29. Qe2 fxg3 30. hxg3 h5 31. Nc7 h4 32. Nd5 Qg5 33. g4 Ne6 34. Ne7+ Kh8 35. Nxc8 Nf4+ 36. Kf1 Nxe2 37. Kxe2 Qe3+ 38. Kd1 Qxd3+ 39.
Kc1 Rxc8 40. Ra8 Rxa8 41. Rxa8+ Kh7 42. Rf8 Qxc4+ 43. Kd2 Qb4+ 44. Kd3 Qxf8 0-1

[Event "*** Titled Tuesday Blitz"]
[Site "Chess.com"]
[Date "2019.02.05"]
[Round "2"]
[White "tigra"]
[Black "Koksik_13"]
[Result "1-0"]
[WhiteElo "2768"]
[BlackElo "2664"]
[TimeControl "180+2"]
[EndTime "13:21:50 PST"]
[Termination "tigra won by resignation"]

1. e4 c6 2. d4 g6 3. c4 Bg7 4.
Nc3 d5 5. cxd5 cxd5 6. Nxd5 Nc6 7. Bb5 Nf6 8. Nxf6+ Bxf6 9. Ne2 O-O 10. Be3 Qa5+ 11.
Nc3 Rd8 12. Bxc6 bxc6 13. Qa4 Qxa4 14. Nxa4 Bxd4 15. O-O-O Bxe3+ 16. fxe3 Bg4 17. Rd2 Rxd2 18. Kxd2 Rd8+ 19. Kc3 h5 20. Rf1 Be2 21. Rf2 Bb5 22. Nc5 Rd1 23. a4 Bf1 24. e5 h4 25. Kb4 h3 26.
gxh3 Bxh3 27. Ka5 Rd5 28. b4 Rxe5 29. Ka6 Rxe3 30. Kxa7 Re1 31. Rb2 e5 32. Kb6 e4 33.
a5 f5 34. a6 Ra1 35. a7 Bf1 36. Rb1 Rxa7 37. Kxa7 Bb5 38. Re1 Kf7 39. Nxe4 fxe4 40.
Rxe4 Kf6 41. Kb6 Kf5 42. Re7 Kg4 43. Re6 g5 44. Rxc6 Bxc6 45. Kxc6 Kh3 46. b5 g4 47. b6 1-0

[Event "*** Titled Tuesday Blitz"]
[Site "Chess.com"]
[Date "2019.02.05"]
[Round "2"]
[White "DenisQ"]
[Black "Gabrielian_Artur"]
[Result "1/2-1/2"]
[WhiteElo "2674"]
[BlackElo "2736"]
[TimeControl "180+2"]
[EndTime "13:21:51 PST"]
[Termination "Game drawn by repetition"]

1. Nf3 c5 2. c4 Nc6 3. Nc3 e5 4. g3 g6 5. Bg2 Bg7 6. O-O Nge7 7. Ne1 d6 8. Nc2 Be6 9. Ne3 O-O 10. d3 Qd7 11. Ned5 Bh3 12. Bh6 Bxg2 13. Kxg2 Nxd5 14. Nxd5 Ne7 15. Bxg7 Kxg7 16. Nxe7 Qxe7 17. Rb1 e4 18. b4 b6 19. e3 Rfd8 20. Qc2 f5 21. Rfd1 Rac8 22. dxe4 fxe4 23. Rd5 Rf8 24. bxc5 Rxc5 25. Rbd1 Rxd5 26. Rxd5 Qf6 27. Qd2 Rd8 28. Qd4 Qxd4 29. Rxd4 Kf6 30. Rxe4 Rc8 31. Rd4 Ke6 32. Kf3 Rc5 33.
Re4+ Kf6 34. Rh4 h5 35. Rd4 Ke6 36. h4 Ra5 37. Re4+ Kf6 38. Rd4 Ke6 39. Re4+ Kd7 40.
Rf4 Ke6 41. Re4+ 1/2-1/2

[Event "*** Titled Tuesday Blitz"]
[Site "Chess.com"]
[Date "2019.02.05"]
[Round "2"]
[White "Tiqr777"]
[Black "Parhamov"]
[Result "0-1"]
[WhiteElo "2601"]
[BlackElo "2966"]
[TimeControl "180+2"]
[EndTime "13:21:56 PST"]
[Termination "Parhamov won by resignation"]

1. c4 e5 2. Nc3 d6 3. g3 f5 4. d3 Nf6 5. Bg2 g6 6. Nf3 Bg7 7. O-O O-O 8. Rb1 h6 9. b4 g5 10.
Qb3 Be6 11. Ne1 Qc8 12. Nd5 Rf7 13. Nc2 Nbd7 14. Bb2 c6 15. Nxf6+ Nxf6 16. b5 c5 17. a4 f4 18. a5 Bh3 19. a6 Bxg2 20. Kxg2 b6 21.
f3 h5 22. e3 Qf5 23. e4 Qe6 24. gxf4 exf4 25. d4 Nd7 26. e5 dxe5 27. d5 Qg6 28.
Rbe1 Re8 29. Re4 g4 30. Kf2 Qf5 31. Rfe1 Rfe7 32. Qd3 Nf6 33. Qe2 Nxe4+ 34. Qxe4 Qxe4 35. Rxe4 Kf7 36. Ne1 Kg6 37. Nd3 Kf5 38. Ke2 Bf6 39. Nf2 Rg8 40. Kf1 gxf3 41. Bc3 Rg2 0-1

[Event "*** Titled Tuesday Blitz"]
[Site "Chess.com"]
[Date "2019.02.05"]
[Round "2"]
[White "Zarikovs1999"]
[Black "Vrolijk"]
[Result "0-1"]
[WhiteElo "2320"]
[BlackElo "2770"]
[TimeControl "180+2"]
[EndTime "13:22:08 PST"]
[Termination "Vrolijk won by resignation"]

1. Nf3 d5 2. g3 g6 3. Bg2 Bg7 4. O-O Nf6 5. b3 Ne4 6. d4 O-O 7. Bb2 c6 8. Nbd2 Nxd2 9. Qxd2 a5 10. a3 Bf5 11. Rac1 Nd7 12. c4 Be4 13. Nh4 Bxg2 14. Nxg2 e6 15. Nf4 a4 16. b4 Nb6 17. c5 Nc4 18.
Qc2 e5 19. dxe5 Bxe5 20. Bxe5 Nxe5 21. Nd3 Nc4 22. Qc3 Re8 23. Rfe1 Qg5 24. Nb2 Re4 25.
Nxc4 Rxc4 26. Qb2 Re4 27. b5 Rae8 28. bxc6 bxc6 29. Rc2 d4 30. Rc4 d3 31. Rxe4 Rxe4 32. e3 Qxc5 33. Rd1 Qc2 34. Qxc2 dxc2 35. Rc1 Rc4 36.
Kf1 Rc3 37. Ke2 Rxa3 38. Rxc2 Rb3 39. Rxc6 a3 40. Ra6 Kg7 41. Kf3 h5 42. h4 Rc3 43.
Ke4 Kf8 44. Ra7 Kg7 45. Ra6 Rb3 46. f3 Rc3 47. g4 Rb3 48. gxh5 gxh5 49. f4 f6 50. f5 Rb4+ 51. Kf3 Rxh4 52. Rxa3 Kh6 53. e4 Rh3+ 0-1

[Event "*** Titled Tuesday Blitz"]
[Site "Chess.com"]
[Date "2019.02.05"]
[Round "2"]
[White "Mostii"]
[Black "VeraNebolsina"]
[Result "1/2-1/2"]
[WhiteElo "2499"]
[BlackElo "2374"]
[TimeControl "180+2"]
[EndTime "13:22:09 PST"]
[Termination "Game drawn by agreement"]

1. d4 Nf6 2. Nf3 g6 3. g3 Bg7 4.
Bg2 d6 5. O-O O-O 6. b3 Re8 7.
Bb2 c6 8. Nbd2 Nbd7 9. e4 e5 10. dxe5 dxe5 11. Nc4 Nxe4 12. Nfxe5 Nxe5 13. Qxd8 Rxd8 14.
Nxe5 Nc5 15. f4 h5 16. Rad1 Bf5 17. c4 Bc2 18. Rc1 Bf5 19. Rfd1 Bxe5 20. Bxe5 Nd3 21. Rc3 Nxe5 22. Rxd8+ Rxd8 23. fxe5 Rd1+ 24. Kf2 Rd2+ 25.
Kf1 Rxa2 26. b4 Rb2 27. b5 cxb5 28. cxb5 Rxb5 29. Rc7 a5 30. Bxb7 a4 31. Ba6 Ra5 32. Bc4 a3 33. Bxf7+ Kf8 34. Ba2 1/2-1/2

[Event "*** Titled Tuesday Blitz"]
[Site "Chess.com"]
[Date "2019.02.05"]
[Round "2"]
[White "JulianProleiko"]
[Black "Witaliss"]
[Result "0-1"]
[WhiteElo "2444"]
[BlackElo "2375"]
[TimeControl "180+2"]
[EndTime "13:22:10 PST"]
[Termination "Witaliss won by resignation"]

1. e4 d5 2. exd5 Nf6 3. d4 Nxd5 4. c4 Nb6 5. Nc3 e5 6. dxe5 Qxd1+ 7. Nxd1 Nc6 8. Nf3 Bg4 9. Be2 O-O-O 10. O-O Bxf3 11. Bxf3 Nxe5 12. b3 Nxf3+ 13. gxf3 Bc5 14. Bb2 Bd4 15. Bxd4 Rxd4 16. Ne3 g6 17. Rfd1 Rhd8 18. Rxd4 Rxd4 19. Rd1 Rxd1+ 20. Nxd1 Kd7 21. f4 Kd6 22. Kg2 Kc5 23.
Kf3 f5 24. Ke3 a5 25. Kd3 Kb4 26. Nc3 c6 27. Kc2 a4 28. Kb2 axb3 29. axb3 Kc5 30. Ne2 Kb4 31. Nc1 Kc5 32. Kc3 Nd7 33. b4+ Kd6 34. Kd4 b6 35. Nd3 c5+ 36. Kc3 Nf6 37.
b5 Nh5 38. Kd2 Nf6 39. Ke3 Ne4 40. Nb2 Nf6 41. Na4 Kc7 42. f3 Nh5 43. Nc3 Nf6 44.
Na4 Nh5 45. Nc3 Nf6 46. Kf2 Kd6 47. Kg3 Nh5+ 48. Kh4 Nxf4 49. Kg5 Nd3 50. Nd5 Ne5 51.
Nxb6 Nxf3+ 52. Kh6 Ne5 53. Kxh7 f4 54. Nd5 f3 55. Ne3 f2 56. Kg7 Kc7 57. Nf1 Nxc4 58. Kxg6 Nd6 59. h4 c4 60. h5 c3 61. h6 c2 62. h7 c1=Q 63. h8=Q Qxf1 64. Qg7+ Kb6 65.
Qd4+ Kxb5 66. Qd5+ Ka4 67. Qa2+ Kb4 68. Qd2+ Kc5 69.
Qe3+ Kc6 70. Qf3+ Kc5 71. Qe3+ Kd5 72. Qd2+ Kc4 73. Qf4+ Kc3 74. Qe5+ Kc2 75. Qc5+ Nc4 76. Kf5 0-1

[Event "*** Titled Tuesday Blitz"]
[Site "Chess.com"]
[Date "2019.02.05"]
[Round "2"]
[White "SantoBlue"]
[Black "OscarAng"]
[Result "1-0"]
[WhiteElo "2721"]
[BlackElo "2302"]
[TimeControl "180+2"]
[EndTime "13:22:12 PST"]
[Termination "SantoBlue won by checkmate"]

1. e4 d5 2. exd5 Qxd5 3. Nc3 Qa5 4. d4 Nf6 5. Nf3 Bg4 6. Bc4 c6 7. Bd2 Qc7 8. h3 Bh5 9. g4 Bg6 10. Ne5 e6 11. h4 Nbd7 12. h5 Nxe5 13. dxe5 Qxe5+ 14. Qe2 Qxe2+ 15. Kxe2 Bxc2 16. Rhc1 Be4 17. g5 Bd5 18.
Bd3 Nxh5 19. Nxd5 exd5 20. Kf3 Bd6 21. b4 Kd7 22. b5 c5 23. Bc3 f6 24. Rh1 g6 25. Bf5+ Kc7 26. gxf6 d4 27. Ba5+ b6 28.
Bd2 Nxf6 29. Bd3 Raf8 30. Kg2 Nd5 31. a4 Nf4+ 32. Bxf4 Rxf4 33. a5 Kb7 34. axb6 axb6 35. Bc4 Rf5 36. Bd3 Rf4 37. f3 Bb8 38. Be4+ Kc8 39.
Ra6 Bc7 40. Ra8+ Bb8 41. Ra6 Rf6 42. Bc6 h5 43. Rxb6 Rhf8 44. Ra1 d3 45. Ra8 Kc7 46.
Rb7+ Kd6 47. Raxb8 Rxb8 48. Rxb8 c4 49. Kf2 Re6 50.
Be4 g5 51. b6 g4 52. Rd8+ Ke7 53. b7 g3+ 54. Kxg3 h4+ 55. Kh3 Kxd8 56. b8=Q+ Ke7 57.
Qc7+ Kf6 58. Qxc4 Rd6 59. Qc3+ Ke7 60. Qd2 Kd7 61. Kxh4 Kc7 62. Kg3 Kd7 63. Kf2 Ke6 64. Ke3 Ke5 65. Qa5+ Ke6 66. Qf5+ Ke7 67. Qh7+ Ke6 68.
Bf5+ Ke5 69. f4+ Kd5 70. Be4+ Kc5 71. Qc7+ Kb4 72. Qxd6+ Kc3 73. Qd4+ Kc2 74. Bxd3+ Kc1 75.
Qa1# 1-0

[Event "*** Titled Tuesday Blitz"]
[Site "Chess.com"]
[Date "2019.02.05"]
[Round "2"]
[White "cherryandmint"]
[Black "wadsy27"]
[Result "1-0"]
[WhiteElo "2620"]
[BlackElo "2299"]
[TimeControl "180+2"]
[EndTime "13:22:12 PST"]
[Termination "cherryandmint won by resignation"]

1. e4 c5 2. Nf3 e6 3. d4 cxd4 4. Nxd4 Nc6 5. Nc3 Qc7 6. Be3 a6 7. Be2 Nf6 8. O-O Bb4 9. Na4 Be7 10. Nxc6 bxc6 11. Nb6 Rb8 12. Nxc8 Qxc8 13. Bd4 c5 14. Be5 Rb6 15. Bf3 d6 16. Bc3 e5 17. b3 O-O 18.
Ba5 Rb5 19. Bd2 c4 20. Bg5 Rb6 21. Qe2 Qc6 22. Rfd1 Rc8 23. g3 h6 24. Be3 Rb7 25.
Bg2 Bd8 26. Rd2 Bb6 27. Rad1 Bxe3 28. Qxe3 cxb3 29. cxb3 Rd7 30. Bh3 Rcd8 31. Bxd7 Rxd7 32. f3 Ne8 33. Qd3 Nc7 34. Rc2 Qb6+ 35. Kg2 Ne6 36.
Rc8+ Kh7 37. Rdc1 Qa5 38. a4 Nd4 39. Rb8 Rc7 40. b4 1-0

[Event "*** Titled Tuesday Blitz"]
[Site "Chess.com"]
[Date "2019.02.05"]
[Round "2"]
[White "NotFischer"]
[Black "AlexTruskavetsky"]
[Result "0-1"]
[WhiteElo "2114"]
[BlackElo "2238"]
[TimeControl "180+2"]
[EndTime "13:22:16 PST"]
[Termination "AlexTruskavetsky won by checkmate"]

1. d4 Nf6 2. Bf4 c6 3. c3 Qb6 4. Qb3 d5 5. Nd2 Bf5 6. Ngf3 e6 7. e3 Be7 8. Be2 O-O 9. O-O Nbd7 10. Rfe1 h6 11. h3 Rfc8 12. Ne5 Nxe5 13. Bxe5 Nd7 14. Bg3 c5 15. dxc5 Nxc5 16. Qxb6 axb6 17. Nf3 Na4 18. Nd4 Bg6 19. Bg4 Nxb2 20. Nxe6 fxe6 21. Bxe6+ Kf8 22. Bxc8 Rxc8 23. Re2 Na4 24. Rd2 Nxc3 25. Kh2 Ne4 26. Rxd5 Nxg3 27. Kxg3 Rc2 28. a4 Be4 29. Rb5 Bd6+ 30.
Kh4 Rxf2 31. Rd1 Ke7 32. Rxb6 Bc6 33. a5 Rxg2 34. a6 Bf3 35. Rdxd6 g5# 0-1

[Event "*** Titled Tuesday Blitz"]
[Site "Chess.com"]
[Date "2019.02.05"]
[Round "2"]
[White "Morshynska"]
[Black "andy_rekt"]
[Result "1-0"]
[WhiteElo "2094"]
[BlackElo "2163"]
[TimeControl "180+2"]
[EndTime "13:22:18 PST"]
[Termination "Morshynska won by resignation"]

1. d4 e6 2. c4 b6 3. Bf4 Bb7 4. e3 g6 5. Nf3 Bg7 6. Nc3 d6 7.
h3 Nd7 8. Be2 e5 9. Bh2 Ne7 10.
O-O O-O 11. Qd2 h6 12. dxe5 Nxe5 13. Nxe5 dxe5 14. Rad1 Qxd2 15. Rxd2 Rad8 16. Rfd1 Rxd2 17. Rxd2 Bc6 18. Nb5 Bxb5 19. cxb5 Nf5 20. Rd7 Rc8 21. Bg4 Kf8 22. e4 Nh4 23. Rxf7+ Kxf7 24. Bxc8 g5 25. Bf5 Nxf5 26. exf5 e4 27. b3 h5 28. g4 hxg4 29.
hxg4 Bd4 30. Bxc7 e3 31. fxe3 Bxe3+ 32. Kg2 Bc5 33. Bb8 1-0

[Event "*** Titled Tuesday Blitz"]
[Site "Chess.com"]
[Date "2019.02.05"]
[Round "2"]
[White "nailbeshirli"]
[Black "KhalilMousavi77"]
[Result "1-0"]
[WhiteElo "2682"]
[BlackElo "2738"]
[TimeControl "180+2"]
[EndTime "13:22:20 PST"]
[Termination "nailbeshirli won by resignation"]

1. e4 e6 2. d3 d5 3. Qe2 d4 4. g3 c5 5. Bg2 Nc6 6. f4 g6 7. Nf3 Bg7 8. O-O Nge7 9. Nbd2 O-O 10.
a3 Rb8 11. e5 b6 12. Ne4 Nd5 13. Bd2 Bd7 14. h4 f5 15. exf6 Nxf6 16. Neg5 Qe7 17. Rae1 Rbe8 18. Bh3 e5 19. fxe5 Bxh3 20. Nxh3 Nd7 21. e6 Nde5 22. Nxe5 Nxe5 23. Rxf8+ Rxf8 24. Bf4 Rf5 25. g4 Rxf4 26. Nxf4 Qxh4 27. Rf1 Nxg4 28.
e7 Qg3+ 29. Qg2 Qe3+ 30. Kh1 h5 31. Qe4 Qxe4+ 32. dxe4 Nf6 33. Nd5 Ne8 34. e5 c4 35.
e6 d3 36. cxd3 cxd3 37. Rd1 Bxb2 38. Rxd3 Bg7 39. Rd2 g5 40. Rc2 Kh7 41. Rc8 Nd6 42.
Rd8 1-0

[Event "*** Titled Tuesday Blitz"]
[Site "Chess.com"]
[Date "2019.02.05"]
[Round "2"]
[White "Vulcanochess"]
[Black "Tolya2"]
[Result "1/2-1/2"]
[WhiteElo "2454"]
[BlackElo "2523"]
[TimeControl "180+2"]
[EndTime "13:22:20 PST"]
[Termination "Game drawn - insufficient material"]

1. d4 d5 2. c4 dxc4 3. e3 Nf6 4. Bxc4 e6 5. Nf3 c5 6. O-O a6 7. Qe2 b5 8. Bb3 Bb7 9. Rd1 Nbd7 10. a4 b4 11. a5 Qb8 12. Nbd2 Be7 13. e4 cxd4 14.
Nxd4 Nc5 15. Bc2 Qe5 16. Nc4 Qh5 17. Qxh5 Nxh5 18. f3 Nf6 19. Be3 O-O 20. Nb6 Rad8 21. Nb3 Nfd7 22. Nxd7 Nxd7 23. Rd2 Ne5 24. Rxd8 Rxd8 25.
Rd1 Rxd1+ 26. Bxd1 Nc4 27. Bc1 Bd8 28. Nc5 Bc8 29. Be2 Nxa5 30. Nxa6 Bb6+ 31. Kf1 Nb3 32.
Bf4 Bd4 33. Nxb4 Bxb2 34. Be3 Bd4 35. Nc2 Bxe3 36. Nxe3 Nd4 37. Bc4 e5 38. Nd5 Kf8 39. Kf2 Be6 40. Ne3 f6 41. Bxe6 Nxe6 42.
g3 Kf7 43. Nd5 h5 44. f4 exf4 45. gxf4 g5 46. Kg3 gxf4+ 47. Nxf4 Ng7 48. Kh4 Ne8 49. Nxh5 Nd6 50. Ng3 Ke6 51. Kg4 Ke5 52. h4 Nxe4 53. Nxe4 Kxe4 54. h5 f5+ 55. Kg5 f4 56. h6 f3 57. h7 f2 58. h8=Q f1=Q 59. Qe8+ Kd4 60. Qd7+ Ke3 61. Qe6+ Kd2 62. Qd5+ Qd3 63. Qxd3+ Kxd3 1/2-1/2

[Event "*** Titled Tuesday Blitz"]
[Site "Chess.com"]
[Date "2019.02.05"]
[Round "2"]
[White "Eliwood44"]
[Black "Saitama_Hero"]
[Result "1/2-1/2"]
[WhiteElo "2165"]
[BlackElo "2216"]
[TimeControl "180+2"]
[EndTime "13:22:21 PST"]
[Termination "Game drawn by repetition"]

1. d4 Nf6 2. Nf3 g6 3. Nc3 d5 4.
Bf4 Bg7 5. Nb5 Na6 6. e3 O-O 7. h3 c6 8. Nc3 Nc7 9. Be2 Ne6 10.
Bh2 Ne4 11. Nxe4 dxe4 12. Nd2 f5 13. O-O Qe8 14. c4 g5 15. f3 exf3 16. Nxf3 Qg6 17. Ne5 Qh6 18. Qc2 g4 19. hxg4 Qxe3+ 20. Kh1 Nxd4 21.
Qd3 f4 22. Bxf4 Qxe2 23. Qxd4 Bxg4 24. Rae1 Qc2 25. Bh6 Rxf1+ 26. Rxf1 Qe2 27. Qxg4 Qxf1+ 28. Kh2 Qf6 29. Bxg7 Qxg7 30. Qe6+ Kf8 31. Qf5+ Ke8 32. Qd7+ Kf8 33. Qf5+ Kg8 34. Qe6+ Kh8 35. Nf7+ Kg8 36. Ne5+ 1/2-1/2

[Event "*** Titled Tuesday Blitz"]
[Site "Chess.com"]
[Date "2019.02.05"]
[Round "2"]
[White "Pilopa"]
[Black "NeverEverForever1990"]
[Result "1-0"]
[WhiteElo "2461"]
[BlackElo "2350"]
[TimeControl "180+2"]
[EndTime "13:22:24 PST"]
[Termination "Pilopa won on time"]

1. d4 Nf6 2. c4 e6 3. Nf3 d5 4.
g3 dxc4 5. Bg2 a6 6. O-O Nc6 7. e3 Rb8 8. Nfd2 e5 9. Bxc6+ bxc6 10. dxe5 Ng4 11. Nxc4 Be6 12. Nbd2 Bb4 13. b3 h5 14. h3 h4 15. hxg4 hxg3 16. Qf3 Qh4 17. Qg2 gxf2+ 18. Rxf2 Bxg4 19. Nf3 Bxf3 20. Qxf3 Be1 21. Qxc6+ Kd8 22. Qd5+ Kc8 23. Nd6+ cxd6 24. Qc6+ Kd8 25. Qxd6+ Kc8 26. Rc2+ Kb7 27. Rc7+ Ka8 28. Qc6+ 1-0